TOP OF THE 1ST |
Royse City Targaryens batting - Pitching for Plymouth Rocks : RHP Jeff Greer
|
Pitching: RHP Jeff Greer
|
|
Batting: LHB Donald Brown
|
0-0: Swinging Strike 0-1: Called Strike 0-2: Strikes out swinging
|
Batting: RHB Cristo Cuervo
|
0-0: Fly out, F1 (Line Drive, 15S)
|
Batting: LHB Jonathan Gunner
|
0-0: Foul Ball, location: 2F 0-1: Called Strike 0-2: Foul Ball, location: 2F 0-2: Strikes out swinging
|
Top of the 1st over - 0 runs, 0 hits, 0 errors, 0 left on base; Royse City 0 - Plymouth 0 |
BOTTOM OF THE 1ST |
Plymouth Rocks batting - Pitching for Royse City Targaryens : RHP Edgar Lankford
|
Pitching: RHP Edgar Lankford
|
|
Batting: LHB Jeff Lawson
|
0-0: Ground out 6-3 (Groundball, 6D)
|
Batting: RHB Tumas Wenzu
|
0-0: Ball 1-0: Ball 2-0: Called Strike 2-1: Ball 3-1: Base on Balls
|
Batting: RHB Ernesto Trevino
|
0-0: Ball Tumas Wenzu steals 2nd base 1-0: Foul Ball, location: 2F 1-1: Fly out, F9 (Flyball, 9S)
|
Batting: RHB Xi-ku See-to
|
0-0: Ball 1-0: Ground out 4-3 (Groundball, 4)
|
Bottom of the 1st over - 0 runs, 0 hits, 0 errors, 1 left on base; Royse City 0 - Plymouth 0 |
TOP OF THE 2ND |
Royse City Targaryens batting - Pitching for Plymouth Rocks : RHP Jeff Greer
|
Batting: RHB Melvin Thomas
|
0-0: Ball 1-0: SOLO HOME RUN (Flyball, 9D), Distance : 374 ft
|
Batting: LHB Joe Karnowski
|
0-0: Ball 1-0: Ball 2-0: Fly out, F7 (Flyball, 78D)
|
Batting: RHB David Elías
|
0-0: Foul Ball, location: 2F 0-1: Ball 1-1: Foul Ball, location: 2F 1-2: Ball 2-2: Strikes out swinging
|
Batting: LHB Takahiro Suzuki
|
0-0: Ball 1-0: Ball 2-0: Ball 3-0: Called Strike 3-1: Ball
|
Batting: LHB Denis Jerningham
|
0-0: Ball 1-0: Ball 2-0: Foul Ball, location: 2F 2-1: Foul Ball, location: 2F 2-2: SINGLE (Groundball, 34D) Takahiro Suzuki to second Takahiro Suzuki to third
|
Batting: RHB Víctor Cuevas
|
0-0: Called Strike 0-1: SINGLE (Groundball, 4MD) Takahiro Suzuki scores Denis Jerningham to second
|
Batting: LHB Donald Brown
|
0-0: Ball 1-0: Called Strike 1-1: Called Strike 1-2: Ball 2-2: Foul Ball, location: 2F 2-2: Strikes out swinging
|
Top of the 2nd over - 2 runs, 3 hits, 0 errors, 2 left on base; Royse City 2 - Plymouth 0 |
BOTTOM OF THE 2ND |
Plymouth Rocks batting - Pitching for Royse City Targaryens : RHP Edgar Lankford
|
Batting: LHB Dae-ik Park
|
0-0: Swinging Strike 0-1: Ball 1-1: Foul Ball, location: 2F 1-2: Foul Ball, location: 2F 1-2: Ground out U3 (Groundball, 3S)
|
Batting: RHB Chang-lit Min
|
0-0: SINGLE (Line Drive, 4D)
|
Batting: LHB Octávio Ontiveros
|
0-0: Called Strike 0-1: Ball 1-1: Swinging Strike 1-2: Fly out, F8 (Line Drive, 8LM)
|
Batting: SHB Javier Vega
|
0-0: Ball 1-0: Ball 2-0: Ground out 4-3 (Groundball, 4)
|
Bottom of the 2nd over - 0 runs, 1 hit, 0 errors, 1 left on base; Royse City 2 - Plymouth 0 |
TOP OF THE 3RD |
Royse City Targaryens batting - Pitching for Plymouth Rocks : RHP Jeff Greer
|
Batting: RHB Cristo Cuervo
|
0-0: Ball 1-0: Ball 2-0: Fly out, F8 (Flyball, 8LD)
|
Batting: LHB Jonathan Gunner
|
0-0: Foul Ball, location: 2F 0-1: Ball 1-1: Ball 2-1: Foul Ball, location: 2F 2-2: Foul Ball, location: 2F 2-2: SINGLE (Flyball, 9LS)
|
Batting: RHB Melvin Thomas
|
0-0: Ball 1-0: Called Strike Jonathan Gunner steals 2nd base 1-1: Ball 2-1: Swinging Strike 2-2: Foul Ball, location: 2F 2-2: Ball 3-2: Foul Ball, location: 2F 3-2: Strikes out looking
|
Batting: LHB Joe Karnowski
|
0-0: SINGLE (Groundball, 3D) Jonathan Gunner to third Runner from 3rd tries for Home, SAFE, no throw
|
Batting: RHB David Elías
|
0-0: Foul Ball, location: 2F 0-1: Called Strike 0-2: Ball 1-2: Ball 2-2: Foul Ball, location: 2F 2-2: Ground out 5-3 (Groundball, 56S)
|
Top of the 3rd over - 1 run, 2 hits, 0 errors, 1 left on base; Royse City 3 - Plymouth 0 |
BOTTOM OF THE 3RD |
Plymouth Rocks batting - Pitching for Royse City Targaryens : RHP Edgar Lankford
|
Batting: RHB Zelmar Barajas
|
0-0: Fly out, F7 (Flyball, 78M)
|
Batting: LHB Jeff Lawson
|
0-0: DOUBLE (Line Drive, 89D)
|
Batting: RHB Tumas Wenzu
|
0-0: Ball 1-0: Ball 2-0: Called Strike 2-1: Ground out 5-3 (Groundball, 5S) Jeff Lawson to third
|
Batting: RHB Ernesto Trevino
|
0-0: Ball 1-0: Ball 2-0: Fly out, F8 (Flyball, 8LM)
|
Bottom of the 3rd over - 0 runs, 1 hit, 0 errors, 1 left on base; Royse City 3 - Plymouth 0 |
TOP OF THE 4TH |
Royse City Targaryens batting - Pitching for Plymouth Rocks : RHP Jeff Greer
|
Batting: LHB Takahiro Suzuki
|
0-0: Swinging Strike 0-1: Called Strike 0-2: Ball 1-2: SINGLE (Line Drive, 8RS)
|
Batting: LHB Denis Jerningham
|
0-0: Ball 1-0: Ball 2-0: SINGLE (Groundball, 3D) Takahiro Suzuki to second Runner from 2nd tries for 3rd, SAFE, no throw
|
Batting: RHB Víctor Cuevas
|
0-0: Called Strike 0-1: Ball 1-1: Ball 2-1: DOUBLE (Line Drive, 89D) Takahiro Suzuki scores Denis Jerningham to third
|
Batting: LHB Donald Brown
|
0-0: Ball 1-0: Foul Ball, location: 2F 1-1: SINGLE (Line Drive, 8LS) Denis Jerningham scores Víctor Cuevas to third Runner from 3rd tries for Home, SAFE, no throw
|
Batting: RHB Cristo Cuervo
|
0-0: Called Strike 0-1: Ball 1-1: Ball 2-1: Swinging Strike 2-2: Fly out, F8 (Flyball, 8RM)
|
Batting: LHB Jonathan Gunner
|
0-0: Ball Donald Brown is caught stealing 2nd base 1-0: Ball 2-0: Swinging Strike 2-1: Called Strike 2-2: Foul Ball, location: 2F 2-2: Strikes out swinging
|
Top of the 4th over - 3 runs, 4 hits, 0 errors, 0 left on base; Royse City 6 - Plymouth 0 |
BOTTOM OF THE 4TH |
Plymouth Rocks batting - Pitching for Royse City Targaryens : RHP Edgar Lankford
|
Batting: RHB Xi-ku See-to
|
0-0: Fly out, F4 (Popup, 13S)
|
Batting: LHB Dae-ik Park
|
0-0: Ball 1-0: Swinging Strike 1-1: Swinging Strike 1-2: Foul Ball, location: 2F 1-2: Ball 2-2: Ball 3-2: Strikes out swinging
|
Batting: RHB Chang-lit Min
|
0-0: Ground out 6-3 (Groundball, 6)
|
Bottom of the 4th over - 0 runs, 0 hits, 0 errors, 0 left on base; Royse City 6 - Plymouth 0 |
TOP OF THE 5TH |
Royse City Targaryens batting - Pitching for Plymouth Rocks : RHP Jeff Greer
|
Batting: RHB Melvin Thomas
|
0-0: Ball 1-0: Ball 2-0: Ball 3-0: Base on Balls
|
Batting: LHB Joe Karnowski
|
0-0: Ball 1-0: Ball 2-0: Foul Ball, location: 2F 2-1: Swinging Strike 2-2: Foul Ball, location: 2F 2-2: Strikes out swinging
|
Batting: RHB David Elías
|
0-0: Ball 1-0: Ball 2-0: Ball 3-0: Called Strike 3-1: Foul Ball, location: 2F 3-2: Grounds into double play, 6-4-3 (Groundball, 6)
|
Top of the 5th over - 0 runs, 0 hits, 0 errors, 0 left on base; Royse City 6 - Plymouth 0 |
BOTTOM OF THE 5TH |
Plymouth Rocks batting - Pitching for Royse City Targaryens : RHP Edgar Lankford
|
Batting: LHB Octávio Ontiveros
|
0-0: Swinging Strike 0-1: Foul Ball, location: 2F 0-2: Ball 1-2: Foul Ball, location: 2F 1-2: Ball 2-2: Ball 3-2: Ground out 6-3 (Groundball, 6MS)
|
Batting: SHB Javier Vega
|
0-0: Ball 1-0: Ball 2-0: Foul Ball, location: 2F 2-1: Swinging Strike 2-2: Foul Ball, location: 2F 2-2: SINGLE (Line Drive, 9LM)
|
Batting: RHB Zelmar Barajas
|
0-0: Foul Ball, location: 2F 0-1: Ball 1-1: Ball 2-1: SINGLE (Line Drive, 34) Javier Vega to second Runner from 2nd tries for 3rd, SAFE, throw made to third
|
Batting: LHB Jeff Lawson
|
0-0: Ball 1-0: Swinging Strike 1-1: Swinging Strike 1-2: Foul Ball, location: 2F 1-2: Ball 2-2: Ball 3-2: Grounds into double play, 6-4-3 (Groundball, 6)
|
Bottom of the 5th over - 0 runs, 2 hits, 0 errors, 1 left on base; Royse City 6 - Plymouth 0 |
TOP OF THE 6TH |
Royse City Targaryens batting - Pitching for Plymouth Rocks : RHP Jeff Greer
|
Batting: LHB Takahiro Suzuki
|
0-0: Ball 1-0: Ball 2-0: Ball 3-0: Base on Balls
|
Batting: LHB Denis Jerningham
|
0-0: Foul Ball, location: 2F 0-1: Ball 1-1: Foul Ball, location: 2F 1-2: Ball 2-2: Ball Takahiro Suzuki steals 2nd base 3-2: Foul Ball, location: 2F 3-2: Base on Balls
|
Pitching: LHP Rio Bavin
|
|
Batting: RHB Víctor Cuevas
|
0-0: Called Strike 0-1: Ball 1-1: Ball 2-1: Fielders Choice at 2nd, 4-6 (Groundball, 4) Takahiro Suzuki to third
|
Batting: LHB Donald Brown
|
0-0: Foul Ball, location: 2F 0-1: Fly out, F4 (Line Drive, 4)
|
Batting: RHB Cristo Cuervo
|
0-0: Ball 1-0: Ball 2-0: DOUBLE (Flyball, 78D) Takahiro Suzuki scores Víctor Cuevas to third
|
Batting: LHB Jonathan Gunner
|
0-0: Ball 1-0: Ball 2-0: Called Strike 2-1: SINGLE (Line Drive, 56) Víctor Cuevas scores Cristo Cuervo to third Runner from 3rd tries for Home, SAFE, no throw
|
Batting: RHB Melvin Thomas
|
0-0: Ball 1-0: Called Strike 1-1: Ball 2-1: Ball 3-1: Called Strike Jonathan Gunner steals 2nd base 3-2: Strikes out swinging
|
Top of the 6th over - 3 runs, 2 hits, 0 errors, 1 left on base; Royse City 9 - Plymouth 0 |
BOTTOM OF THE 6TH |
Plymouth Rocks batting - Pitching for Royse City Targaryens : RHP Edgar Lankford
|
Batting: RHB Tumas Wenzu
|
0-0: Called Strike 0-1: Ball 1-1: Ball 2-1: Called Strike 2-2: SINGLE (Groundball, 6D)
|
Batting: RHB Ernesto Trevino
|
0-0: Ball 1-0: Ball 2-0: Foul Ball, location: 2F 2-1: Foul Ball, location: 2F 2-2: Foul Ball, location: 2F 2-2: Fly out, F9 (Flyball, 89M)
|
Batting: RHB Xi-ku See-to
|
0-0: Fly out, F8 (Flyball, 8RM)
|
Batting: LHB Dae-ik Park
|
0-0: SINGLE (Flyball, 89M) Tumas Wenzu to second
|
Batting: RHB Chang-lit Min
|
0-0: Ball 1-0: Ball 2-0: Ball 3-0: Base on Balls Tumas Wenzu to third Dae-ik Park to second
|
Batting: LHB Octávio Ontiveros
|
0-0: Ball 1-0: SINGLE (Groundball, 5) (infield hit) Tumas Wenzu scores Dae-ik Park to third Chang-lit Min to second
|
Batting: SHB Javier Vega
|
0-0: Called Strike 0-1: Ball 1-1: Foul Ball, location: 2F 1-2: SINGLE (Line Drive, 7S) Dae-ik Park scores Chang-lit Min to third Octávio Ontiveros to second Runner from 3rd tries for Home, SAFE, no throw
|
Batting: RHB Zelmar Barajas
|
0-0: Called Strike 0-1: Ball 1-1: Ball 2-1: Ball 3-1: Ground out 6-3 (Groundball, 6MD)
|
Bottom of the 6th over - 3 runs, 4 hits, 0 errors, 2 left on base; Royse City 9 - Plymouth 3 |
TOP OF THE 7TH |
Royse City Targaryens batting - Pitching for Plymouth Rocks : LHP Rio Bavin
|
Batting: LHB Joe Karnowski
|
0-0: Ball 1-0: Foul Ball, location: 2F 1-1: Ball 2-1: Ball 3-1: Base on Balls
|
Batting: RHB David Elías
|
0-0: Foul Ball, location: 2F 0-1: Ball 1-1: Ball 2-1: Ball 3-1: Base on Balls Joe Karnowski to second
|
Batting: LHB Takahiro Suzuki
|
0-0: Called Strike 0-1: Ball 1-1: Ball 2-1: Ball 3-1: Base on Balls Joe Karnowski to third David Elías to second
|
Batting: LHB Denis Jerningham
|
0-0: Ball 1-0: Swinging Strike 1-1: Foul Ball, location: 2F 1-2: Strikes out swinging
|
Batting: RHB Víctor Cuevas
|
0-0: Ball 1-0: Ball 2-0: Ball 3-0: Base on Balls Joe Karnowski scores David Elías to third Takahiro Suzuki to second
|
Batting: LHB Donald Brown
|
0-0: Ball 1-0: Called Strike 1-1: Swinging Strike 1-2: Ball 2-2: DOUBLE (Flyball, 89D) David Elías scores Takahiro Suzuki scores Víctor Cuevas to third Runner from 3rd tries for Home, SAFE, no throw
|
Pinch Runner at 2nd Vernon T. Waldrip:
|
|
Batting: RHB Cristo Cuervo
|
0-0: Ball 1-0: Fly out, F7 (Flyball, 78S)
|
Batting: LHB Jonathan Gunner
|
0-0: Ball 1-0: Ball 2-0: Called Strike 2-1: Ball 3-1: Fly out, F9 (Flyball, 9LS)
|
Top of the 7th over - 4 runs, 1 hit, 0 errors, 1 left on base; Royse City 13 - Plymouth 3 |
BOTTOM OF THE 7TH |
Plymouth Rocks batting - Pitching for Royse City Targaryens : RHP Edgar Lankford
|
Now in RF: Vernon T. Waldrip
|
|
Batting: LHB Jeff Lawson
|
0-0: Called Strike 0-1: Ball 1-1: Foul Ball, location: 2F 1-2: Ball 2-2: Foul Ball, location: 2F 2-2: Fly out, F8 (Flyball, 8RD)
|
Batting: RHB Tumas Wenzu
|
0-0: Ball 1-0: Ball 2-0: Called Strike 2-1: Fly out, F8 (Flyball, 8RXD)
|
Batting: RHB Ernesto Trevino
|
0-0: Ball 1-0: Ball 2-0: Foul Ball, location: 2F 2-1: Foul Ball, location: 2F 2-2: Ball 3-2: Foul Ball, location: 2F 3-2: Base on Balls
|
Pitching: LHP Won-min Yi
|
|
Batting: RHB Xi-ku See-to
|
0-0: Ball 1-0: Called Strike 1-1: Called Strike 1-2: Foul Ball, location: 2F 1-2: Fielders Choice at 2nd, 5-4 (Groundball, 56)
|
Bottom of the 7th over - 0 runs, 0 hits, 0 errors, 1 left on base; Royse City 13 - Plymouth 3 |
TOP OF THE 8TH |
Royse City Targaryens batting - Pitching for Plymouth Rocks : LHP Rio Bavin
|
Batting: RHB Melvin Thomas
|
0-0: Called Strike 0-1: Swinging Strike 0-2: Ball 1-2: Ball 2-2: Foul Ball, location: 2F 2-2: SOLO HOME RUN (Flyball, 9LD), Distance : 358 ft
|
Batting: LHB Joe Karnowski
|
0-0: Swinging Strike 0-1: Called Strike 0-2: Ball 1-2: SINGLE (Groundball, 56D)
|
Batting: RHB David Elías
|
0-0: Swinging Strike 0-1: Swinging Strike 0-2: SINGLE (Line Drive, 5) Joe Karnowski to second
|
Batting: LHB Takahiro Suzuki
|
0-0: Ball 1-0: Ball 2-0: Ball 3-0: Called Strike 3-1: Grounds into double play, 1-6-3 (Groundball, P) Joe Karnowski to third
|
Batting: LHB Denis Jerningham
|
0-0: Ball 1-0: Called Strike 1-1: DOUBLE (Flyball, 78D) Joe Karnowski scores
|
Batting: RHB Víctor Cuevas
|
0-0: Called Strike 0-1: Foul Ball, location: 2F 0-2: Strikes out swinging
|
Top of the 8th over - 2 runs, 4 hits, 0 errors, 1 left on base; Royse City 15 - Plymouth 3 |
BOTTOM OF THE 8TH |
Plymouth Rocks batting - Pitching for Royse City Targaryens : LHP Won-min Yi
|
Batting: LHB Dae-ik Park
|
0-0: Ball 1-0: Fly out, F9 (Line Drive, 89M)
|
Batting: RHB Chang-lit Min
|
0-0: Called Strike 0-1: Fly out, F8 (Line Drive, 89M)
|
Batting: LHB Octávio Ontiveros
|
0-0: Ball 1-0: Ball 2-0: Called Strike 2-1: Ball 3-1: Base on Balls
|
Batting: SHB Javier Vega
|
0-0: Ball 1-0: Ball 2-0: SINGLE (Line Drive, 7LS) Octávio Ontiveros to second
|
Batting: RHB Zelmar Barajas
|
0-0: Ball 1-0: Ball 2-0: Ball 3-0: Called Strike 3-1: Ground out 4-3 (Groundball, 34)
|
Bottom of the 8th over - 0 runs, 1 hit, 0 errors, 2 left on base; Royse City 15 - Plymouth 3 |
TOP OF THE 9TH |
Royse City Targaryens batting - Pitching for Plymouth Rocks : LHP Rio Bavin
|
Batting: SHB Vernon T. Waldrip
|
0-0: SINGLE (Line Drive, 4MD)
|
Batting: RHB Cristo Cuervo
|
0-0: Ball 1-0: Called Strike 1-1: Ball Wild Pitch! Vernon T. Waldrip to second 2-1: Ball 3-1: SINGLE (Line Drive, 9LS) Vernon T. Waldrip to third
|
Batting: LHB Jonathan Gunner
|
0-0: Ball 1-0: Ball 2-0: Ball 3-0: Base on Balls Cristo Cuervo to second
|
Batting: RHB Melvin Thomas
|
0-0: Called Strike 0-1: Swinging Strike 0-2: Ball 1-2: Strikes out looking
|
Batting: LHB Joe Karnowski
|
0-0: Fly out, F4 (Line Drive, 4M)
|
Batting: RHB David Elías
|
0-0: Ball 1-0: Ball 2-0: SINGLE (Groundball, 56D) Vernon T. Waldrip scores Cristo Cuervo to third Jonathan Gunner to second Runner from 3rd tries for Home, SAFE, no throw
|
Batting: LHB Takahiro Suzuki
|
0-0: Ball 1-0: Fly out, F6 (Popup, 6)
|
Top of the 9th over - 2 runs, 3 hits, 0 errors, 2 left on base; Royse City 17 - Plymouth 3 |
BOTTOM OF THE 9TH |
Plymouth Rocks batting - Pitching for Royse City Targaryens : LHP Won-min Yi
|
Now at 1B: Jayden Laming
|
|
Now in CF: John Meléndez
|
|
Batting: LHB Jeff Lawson
|
0-0: Swinging Strike 0-1: DOUBLE (Line Drive, 7LS)
|
Batting: RHB Tumas Wenzu
|
0-0: Foul Ball, location: 2F 0-1: Foul Ball, location: 2F 0-2: Reached on error, E6 (Groundball, 6M) Jeff Lawson scores
|
Batting: RHB Ernesto Trevino
|
0-0: Called Strike 0-1: Fly out, F9 (Flyball, 9LD) Runner from 2nd tags up, SAFE at 3rd, no throw
|
Batting: RHB Xi-ku See-to
|
0-0: Ground out 6-3 (Groundball, 6) Tumas Wenzu scores
|
Pinch Hitting: RHB Cosmo Bjorkenheim
|
0-0: Foul Ball, location: 2F 0-1: Called Strike 0-2: Fly out, F8 (Flyball, 8LD)
|
Bottom of the 9th over - 2 runs, 1 hit, 1 error, 0 left on base; Royse City 17 - Plymouth 5 |
|